 Dungeon Crawl Stone Soup version 0.31-a0-496-g6f97920a28 (webtiles) character file.

Game seed: 7880530340235756299

21 AstroCodex24 the Trooper (level 2, 0/24 HPs)
             Began as a Vampire Fighter on Aug 8, 2023.
             Slain by an iguana (8 damage)
             ... on level 4 of the Dungeon.
             The game lasted 00:03:04 (568 turns).

AstroCodex24 the Trooper (Vampire Fighter)           Turns: 568, Time: 00:03:05

Health: 0/24       AC:  6    Str: 15    XL:     2   Next: 62%
Magic:  2/2        EV:  8    Int: 10    God:
Gold:   74         SH:  4    Dex: 13    Spells: 1/1 levels left

rFire   . . .        f - +2 dagger (flame)
rCold   . . .        c - +0 buckler
rNeg    . . .        b - +0 scale mail
rPois   .            (no helmet)
rElec   .            (no cloak)
rCorr   .            (no gloves)
SInv    +            (no boots)
Will    .....        (no amulet) Stlth
                     (no ring)
HPRegen 0.44/turn    (no ring)
MPRegen 0.08/turn

%: no passive effects
@: healing quickly
A: alive, fangs 3, see invisible, vampiric 1
a: Exsanguinate


You were on level 4 of the Dungeon.
You visited 1 branch of the dungeon, and saw 5 of its levels.

You collected 74 gold pieces.

Inventory:

Hand Weapons
 a - a +0 war axe
 f - a +2 dagger of flaming (weapon)
Armour
 b - a +0 scale mail (worn)
 c - a +0 buckler (worn)
Jewellery
 g - a ring of protection from cold
Talismans
 h - a dragon-blood talisman
Scrolls
 i - a scroll of amnesia {unknown}
 j - a scroll of enchant weapon {unknown}
Potions
 d - a potion of might
 e - 2 potions of curing {unknown}


   Skills:
 + Level 3.0 Fighting
 + Level 2.0 Axes
 + Level 2.5 Armour
 + Level 0.5 Dodging
 + Level 2.9 Shields


You had one spell level left.
You didn't know any spells.
Your spell library was empty.

Dungeon Overview and Level Annotations

Branches:
Dungeon (5/15)
 Temple: D:4-7

Altars:

Shops:
D:4 [


Innate Abilities, Weirdness & Mutations

Your natural rate of healing is accelerated.
You have razor-sharp teeth.
You have supernaturally acute eyesight. (SInv)
You are afflicted with vampirism.


Message History

Found a scroll labelled VYIGAKKELAL.
Found a stone staircase leading down.
j - a scroll labelled VYIGAKKELAL
Found 7 gold pieces.
There is a stone staircase leading down here.
You climb downwards.
The iguana hisses angrily.
The adder hisses angrily.
There is a stone staircase leading up here.
You climb upwards.
There is a stone staircase leading down here.
You climb downwards.
You block the scorpion's attack. The iguana bites you.
The adder bites you but does no damage. The scorpion barely misses you.
There is a stone staircase leading up, spattered with blood here.
The adder bites you but does no damage. The iguana bites you.
The scorpion stings you.
You climb upwards.
There is a stone staircase leading down here.
You hit the scorpion but do no damage. You bite the scorpion.
The scorpion is moderately wounded.
The adder barely misses you. The iguana barely misses you.
The scorpion closely misses you.
You hit the scorpion. You burn the scorpion.
The scorpion is moderately wounded.
The adder barely misses you. The scorpion misses you. The iguana bites you.
The adder bites you but does no damage.
You barely miss the scorpion.
The scorpion is moderately wounded.
The scorpion barely misses you. The adder bites you but does no damage.
The iguana bites you.
* * * LOW HITPOINT WARNING * * *
You hit the scorpion. You burn the scorpion.
The scorpion is heavily wounded.
You block the scorpion's attack. You block the adder's attack.
The iguana barely misses you. The scorpion barely misses you.
The adder misses you.
You barely miss the scorpion.
The scorpion is heavily wounded.
The iguana hisses menacingly.
The iguana bites you!
You die...

..#....#...#.#....#....
..#..))......#....#.##.
..+..†#................
..#.##............#....
..#.##............####.
..#.##............####.#
..+.##................$#
..## #.....###.#l.####.#
### #......##.S@s.....#
#.....#####.#######
######.#.#.# ###
.#.#.#.#.#.#
#..........#
##.##+##.#.#
#..#...#...#
##.'...'.#.#
#..#...#...#


You could see a scorpion, an iguana and an adder.

Vanquished Creatures
  An adder (D:4)
  6 goblins
  2 ball pythons (D:1)
  2 kobolds (D:4)
11 creatures vanquished.

Notes
Turn   | Place    | Note
-------+----------+-------------------------------------------
     0 | D:1      | AstroCodex24 the Vampire Fighter began the quest for the
                  | Orb.
     0 | D:1      | Reached XP level 1. HP: 17/17 MP: 1/1
   302 | D:3      | Reached XP level 2. HP: 23/23 MP: 2/2
   329 | D:4      | Found Xoat's Antique Armour Shoppe.
   420 | D:4      | Reached skill level 3 in Fighting
   557 | D:5      | Entered Level 5 of the Dungeon
   557 | D:5      | Noticed a scorpion
   568 | D:4      | Slain by an iguana

Illustrated notes

Levels and vault maps discovered:
D:1:      dpeg_arrival_stone_temple_mockup, layout_rooms,
          minmay_misc_feat_roman, nicolae_hexahallways,
          chequers_serial_rivers_small_3
D:2:      layout_basic, serial_shops, nicolae_lakefront_shop
D:3:      layout_basic, minmay_misc_feat_enclosed, nicolae_half_adder,
          uniq_grinder
D:4:      layout_basic, serial_shops, shop, minmay_misc_feat_doors
D:5:      layout_loops_ring, vehumet_crystals, nicolae_qazlal_scattered_showers,
          general_overflow_altar, minmay_temple_entry_waves

Skill      XL: |  1  2 |
---------------+-------+-----
Axes           | 2 |  2.0
Fighting       | 3 |  3.0
Armour         | |  2.5
Dodging        | |  0.5
Shields        | |  2.9

Action                     || total
---------------------------++-------
  Melee: War axe           ||    19
         Dagger            ||    24
         Bite              ||     2
 Armour: Scale mail        ||    33
  Dodge: Dodged            ||    31
  Block: Buckler           ||    13

Table legend: (Time is in decaauts)
 A = Elapsed time spent in this place.
 B = Non-inter-level travel time spent in this place.
 C = Inter-level travel time spent in this place.
 D = Time resting spent in this place.
 E = Time spent auto-exploring this place.
 F = Levels seen in this place.
 G = Mean time per level.
                   A        B        C        D        E       F      G
               +--------+--------+--------+--------+--------+-----+--------+
         Total |    577 |    565 |     12 |      0 |      0 |   5 |  115.4 |
       Dungeon |    577 |    565 |     12 |      0 |      0 |   5 |  115.4 |
               +--------+--------+--------+--------+--------+-----+--------+

Top non-repeatable levels by time:
     D:4: 248 daAuts
     D:1: 199 daAuts
     D:3: 96 daAuts
     D:2: 28 daAuts
     D:5: 4 daAuts
